 Dungeon Crawl Stone Soup version 0.30-a0-779-g7971cf19c3 (webtiles) character file.

Game seed: 5569427431551406189

6745 Smoke131 the Covert (level 10, -3/50 HPs)
             Began as a Vampire Enchanter on Feb 18, 2023.
             Slain by a gnoll sergeant
             ... wielding a +0 trident
              (9 damage)
             ... on level 9 of the Dungeon.
             The game lasted 00:46:33 (10452 turns).

Smoke131 the Covert (Vampire Enchanter)            Turns: 10452, Time: 00:46:34

Health: -3/50      AC:  6    Str:  7    XL:     10   Next: 75%
Magic:  6/22       EV: 18    Int: 19    God:
Gold:   1065       SH:  0    Dex: 18    Spells: 12/25 levels left

rFire   . . .      SeeInvis +    a - +2 dagger
rCold   + + .      Faith    .    (no shield)
rNeg    + + +      Spirit   .    b - +0 robe
rPois   ∞          Reflect  .    y - +0 helmet
rElec   .          Harm     .    J - +1 cloak
rCorr   .          Rampage  .    F - +0 pair of gloves
Will    +....                    (no boots)
Stlth   +++++++                  (no amulet)
HPRegen 0.00/turn                (no ring)
MPRegen 0.18/turn                (no ring)

@: bloodless, inhibited regen
A: bloodless, fangs 3, see invisible, vampiric 2
a: Bat Form, Revivify


You were on level 9 of the Dungeon.
You visited 2 branches of the dungeon, and saw 10 of its levels.
You also visited: Ossuary.

You collected 1065 gold pieces.

Inventory:

Hand Weapons
 a - a +2 dagger (weapon)
Missiles
 j - 3 silver javelins (quivered)
 m - 2 javelins
 t - 2 throwing nets
 x - 27 poisoned darts
Armour
 b - a +0 robe (worn)
 y - a +0 helmet (worn)
 F - a +0 pair of gloves (worn)
 J - a +1 cloak (worn)
Jewellery
 A - a ring of resist corrosion
 E - a ring of fire
 H - a ring of flight
Wands
 n - a wand of paralysis (4)
 w - a wand of light (20)
 G - a wand of flame (4)
Scrolls
 d - a scroll of summoning {unknown}
 f - 6 scrolls of teleportation
 i - 4 scrolls of fog
 q - a scroll of fear
 u - 5 scrolls of amnesia
 C - a scroll of identify
 D - a scroll of noise {unknown}
 I - a scroll of immolation {unknown}
Potions
 c - 2 potions of invisibility
 e - a potion of lignification {unknown}
 g - 3 potions of curing
 h - 5 potions of might
 k - 2 potions of cancellation
 l - 2 potions of heal wounds
 o - 2 potions of mutation
 r - 4 potions of brilliance
 s - a potion of haste
 v - 3 potions of flight
 z - 2 potions of magic
 B - a potion of attraction


   Skills:
 - Level 2.0 Short Blades
 + Level 9.9 Dodging
 - Level 10.0 Stealth
 + Level 8.3 Spellcasting
 - Level 10.0 Hexes
 + Level 7.1 Necromancy


You had 12 spell levels left.
You knew the following spells:

 Your Spells              Type           Power      Damage    Failure   Level
a - Ensorcelled Hibernat  Hex/Ice        52%        N/A       1%          2
b - Confusing Touch       Hex            45%        N/A       1%          3
c - Tukima's Dance        Hex            45%        N/A       1%          3
d - Slow                  Hex            100%       N/A       1%          1
e - Vampiric Draining     Necr           35%        2d8       1%          3
f - Necrotise             Necr           100%       1d9       1%          1

Your spell library contained the following spells:

 Spells                   Type           Power      Damage    Failure   Level
 Dazzling Flash           Conj/Hex       52%        N/A       3%          3
 Cigotuvi's Dreadful Rot  Necr/Pois/Air  34%        N/A       4%          2
 Sandblast                Erth           14%        2d6       9%          1
 Leda's Liquefaction      Hex/Erth       13%        N/A       11%         4
 Passwall                 Tmut/Erth      5%         N/A       13%         2
 Poisonous Vapours        Pois/Air       14%        N/A       13%         2
 Agony                    Necr           35%        N/A       13%         5
 Mephitic Cloud           Conj/Pois/Air  7%         N/A       26%         3
 Stone Arrow              Conj/Erth      14%        3d7       26%         3
 Metabolic Englaciation   Hex/Ice        13%        N/A       30%         5
 Blade Hands              Tmut           3%         N/A       94%         5
 Irradiate                Conj/Tmut      3%         3d12      94%         5
 Dragon Form              Tmut           3%         N/A       100%        7
 Summon Horrible Things   Summ           3%         N/A       100%        8


Dungeon Overview and Level Annotations

Branches:
Dungeon (9/15)             Temple (1/1) D:6            Lair (0/5) D:8
Ossuary (visited)
    Orc: D:9-12

Altars:
Ashenzari
Cheibriados
Dithmenos
Fedhas
Gozag
Hepliaklqana
Makhleb
Nemelex Xobeh
Okawaru
Qazlal
Ru
Sif Muna
Trog
Uskayaw
Vehumet
Wu Jian
Xom
Yredelemnul

Shops:
D:3 (


Innate Abilities, Weirdness & Mutations

You do not regenerate when monsters are visible.
You are frail without blood (-20% HP).
You can heal yourself when you bite living creatures.
You are immune to poison.
You have razor-sharp teeth.
You have supernaturally acute eyesight. (SInv)
You are afflicted with vampirism and can become a bat while bloodless.


Message History

The killer bee stings you.
Casting: Ensorcelled Hibernation (safe; 1% risk of failure)
Confirm with . or Enter, or press ? or * to list all spells.
Aiming: Ensorcelled Hibernation (safe; 1% risk of failure)
Press: ? - help, Shift-Dir - straight line, f - killer bee
Aim: a killer bee (chance to affect: 66%)
The killer bee looks drowsy...
The gnoll sergeant hits you from afar with a +0 trident!
A gnoll comes into view. It is wielding a +0 whip.
The helpless killer bee fails to defend itself.
You stick the killer bee like a pincushion!!!
You kill the killer bee!
The gnoll sergeant misses you. The killer bee closely misses you.
Casting: Ensorcelled Hibernation (safe; 1% risk of failure)
Confirm with . or Enter, or press ? or * to list all spells.
Aiming: Ensorcelled Hibernation (safe; 1% risk of failure)
Press: ? - help, Shift-Dir - straight line, f - killer bee
Aim: a killer bee (heavily wounded, chance to affect: 66%)
The killer bee struggles to resist.
The killer bee closely misses you. The gnoll sergeant closely misses you.
A gnoll comes into view.
It is wielding a +1 demon trident of venom.
The killer bee misses you.
Casting: Ensorcelled Hibernation (safe; 1% risk of failure)
Confirm with . or Enter, or press ? or * to list all spells.
Aiming: Ensorcelled Hibernation (safe; 1% risk of failure)
Press: ? - help, Shift-Dir - straight line, f/p - killer bee
Aim: a killer bee (heavily wounded, chance to affect: 66%)
The killer bee struggles to resist.
The killer bee stings you.
The gnoll sergeant hits you from afar with a +0 trident!
* * * LOW HITPOINT WARNING * * *
A gnoll comes into view. It is wielding a +0 spear.
The killer bee completely misses you.
Casting: Ensorcelled Hibernation (safe; 1% risk of failure)
Confirm with . or Enter, or press ? or * to list all spells.
Aiming: Ensorcelled Hibernation (safe; 1% risk of failure)
Press: ? - help, Shift-Dir - straight line, f/p - killer bee
Aim: a killer bee (heavily wounded, chance to affect: 66%)
The killer bee looks drowsy...
The gnoll sergeant hits you from afar with a +0 trident!
You die...

..# #.# ##.###.# #.#
#.# #....y.# #.###.#
#.g# ....#.## #.g#
###....## #..#####.# #
#.....# #..g.....#
###..#.## #..gy#####
.....#.# ####y#
#.....># ##@##
#....##########...####
.....................+
#....#########....####
.....# #.#.## #.####
#.### #.# #.# #)# ...
#)# #.#


You could see a gnoll sergeant, 2 killer bees and 3 gnolls.

Vanquished Creatures
  A two-headed ogre (D:9)
  An ugly thing (D:9)
  A komodo dragon (D:8)
  A hornet (D:7)
  A yak (D:8)
  2 steam dragons
  A vampire mosquito (D:7)
  7 water moccasins
  A black bear (D:8)
  4 sky beasts
  The ghost of necrobotica the Trooper, an amateur MiFi (D:3)
  An ice beast (D:4)
  An ogre (D:6)
  4 centaurs
  3 phantoms
  A kobold brigand (D:9)
  5 bullfrogs
  A necrophage (D:7)
  2 scorpions
  2 gnoll sergeants (D:8)
  4 wights (D:8)
  13 killer bees
  6 howler monkeys
  A centaur zombie (Ossuary)
  5 jellies
  Crazy Yiuf (D:3)
  A gnoll bouda (D:4)
  2 hounds (D:5)
  A human zombie (Ossuary)
  3 orc priests
  Jessica (D:2)
  3 iguanas
  5 orc wizards
  3 hound zombies (Ossuary)
  3 mummies (Ossuary)
  Robin (D:4)
  10 gnolls
  10 adders
  2 white imps
  3 ufetubi
  3 adder zombies (Ossuary)
  4 worms
  4 dart slugs
  18 orcs
  6 bats
  7 endoplasms
  2 giant cockroaches
  2 gnoll zombies (Ossuary)
  10 goblins
  12 hobgoblins
  2 jackals (D:2)
  5 quokkas
  10 ball pythons
  7 frilled lizards
  3 goblin zombies (Ossuary)
  7 hobgoblin zombies (Ossuary)
  4 jackal zombies (Ossuary)
  12 kobolds
  A kobold zombie (Ossuary)
  An orc zombie (Ossuary)
  5 quokka zombies (Ossuary)
  4 rats
  3 rat zombies (Ossuary)
251 creatures vanquished.

Vanquished Creatures (collateral kills)
  A gnoll (D:4)
1 creature vanquished.

Vanquished Creatures (others)
  A dancing weapon (D:4)
  A goblin (D:4)
  53 fungi (D:8)
  54 plants (D:8)
109 creatures vanquished.

Grand Total: 361 creatures vanquished

Notes
Turn   | Place    | Note
-------+----------+-------------------------------------------
     0 | D:1      | Smoke131 the Vampire Enchanter began the quest for the Orb.
     0 | D:1      | Reached XP level 1. HP: 13/13 MP: 3/3
    63 | D:1      | You fall into a shaft and drop 1 floor!
   166 | D:1      | Reached XP level 2. HP: 15/15 MP: 5/5
   589 | D:1      | Gained mutation: You are afflicted with vampirism and can
                  | become a bat while bloodless. [Vampire growth]
   589 | D:1      | Reached XP level 3. HP: 19/19 MP: 6/6
   968 | D:1      | Learned a level 2 spell: Ensorcelled Hibernation
   972 | D:1      | Learned a level 3 spell: Confusing Touch
   975 | D:2      | Reached skill level 5 in Stealth
   987 | D:2      | Reached skill level 5 in Hexes
  1078 | D:2      | Reached XP level 4. HP: 18/24 MP: 2/7
  1181 | D:2      | Noticed Jessica
  1188 | D:2      | Killed Jessica
  1888 | D:3      | Found a runed translucent door.
  1889 | D:3      | Noticed necrobotica's ghost (amateur MiFi)
  1902 | D:3      | Killed necrobotica's ghost
  1903 | D:3      | Reached XP level 5. HP: 28/28 MP: 9/9
  1934 | D:3      | Found a sacrificial altar of Ru.
  2012 | D:3      | Identified the +1 hammer of Kindness {drain, rN+}
  2014 | D:3      | Found a runed translucent door.
  2015 | D:3      | Noticed Crazy Yiuf
  2022 | D:3      | Killed Crazy Yiuf
  2305 | D:3      | Found Ilai's Antique Weapon Boutique.
  2532 | D:4      | Reached XP level 6. HP: 32/32 MP: 10/10
  2536 | D:4      | Learned a level 3 spell: Tukima's Dance
  2725 | D:4      | Found a snail-covered altar of Cheibriados.
  2906 | D:4      | Noticed Robin
  2939 | D:4      | Killed Robin
  3237 | D:4      | Noticed an ice beast
  3238 | D:4      | Found an ornate altar of the Wu Jian Council.
  3250 | D:4      | Killed an ice beast
  3251 | D:4      | Reached XP level 7. HP: 34/36 MP: 9/12
  3526 | D:4      | Noticed a steam dragon
  3528 | D:4      | Killed a steam dragon
  3651 | D:4      | Reached skill level 5 in Dodging
  3815 | D:5      | Entered Level 5 of the Dungeon
  3845 | D:5      | Identified a scroll of acquirement
  3845 | D:5      | Acquired 606 gold pieces
  3851 | D:5      | Learned a level 1 spell: Slow
  3914 | D:5      | Found a sand-covered staircase.
  3919 | Ossuary  | Entered an ossuary
  4547 | D:5      | Reached XP level 8. HP: 41/41 MP: 9/14
  4552 | D:5      | Learned a level 3 spell: Vampiric Draining
  5202 | D:5      | Found an iron altar of Okawaru.
  5206 | D:5      | Identified the +12 spear of Hecrosofarch {flame, Str+2}
  5297 | D:6      | Found a staircase to the Ecumenical Temple.
  5304 | Temple   | Entered the Ecumenical Temple
  5629 | D:6      | Reached skill level 5 in Spellcasting
  5986 | D:6      | Identified the +9 flail "Riomun" {heavy, rPois Int-2 Dex+3}
  6373 | D:6      | Reached skill level 10 in Stealth
  6603 | D:6      | Reached XP level 9. HP: 27/45 MP: 17/17
  6783 | D:7      | Reached skill level 1 in Necromancy
  7157 | D:7      | Reached skill level 10 in Hexes
  7183 | D:7      | Got the Elucidation of the Fetching Retinue
  7612 | D:8      | Noticed a komodo dragon
  7725 | D:8      | Killed a komodo dragon
  8115 | D:8      | Reached XP level 10. HP: 55/55 MP: 14/20
  8122 | D:8      | Reached skill level 5 in Necromancy
  8180 | D:8      | Found a staircase to the Lair.
  9431 | D:9      | Learned a level 1 spell: Necrotise
  9627 | D:9      | Noticed a two-headed ogre
  9657 | D:9      | Killed a two-headed ogre
  9732 | D:9      | Found a hazy altar of Hepliaklqana.
  9783 | D:9      | Noticed a brown ugly thing
  9936 | D:9      | Killed a brown ugly thing
 10452 | D:9      | Slain by a gnoll sergeant

Illustrated notes

Levels and vault maps discovered:
D:1:      minmay_arrival_solitary_statue, layout_loops_ring,
          hangedman_decor_points, st_stairs_4, kennysheep_pointless_box,
          corexii_hall_statues_u, minmay_tetromino_o2
D:2:      layout_loops_ring, uniq_jessica
D:3:      layout_rooms, mainiacjoe_overflow_catwalk,
          ebering_ghost_reflecting_pool, serial_shops, nicolae_diamond_shop,
          uniq_crazy_yiuf_cottage
D:4:      cheibrodos_barr_body, layout_cave_pools,
          mainiacjoe_overflow_tiny_flanked, mainiacjoe_overflow_boulevard,
          hangedman_abyss_or_decor_stagger, uniq_robin
D:5:      layout_loops_ring, okawaru_ov_weapons_minmay,
          nicolae_ossuary_entry_false_entrances
D:6:      layout_gridville, minmay_temple_entry_ruins, serial_bayou_pond_e
D:7:      layout_loops_ring, minmay_fractal_squares_gapless_5
D:8:      layout_basic, due_lair_maze_entry_diamond
D:9:      layout_loops_corners, mainiacjoe_overflow_big_doors
Temple:   regret_index_temple_generic_petals

Skill      XL: |  1  2  3  4  5  6  7  8  9 10 |
---------------+-------------------------------+-----
Stealth        | 5 6 7 8 10 | 10.0
Short Blades   | 2 |  2.0
Hexes          | 5 6 8 9 10 | 10.0
Dodging        | 3 4 5 6 8 9 |  9.9
Spellcasting   | 3 4 5 7 8 |  8.3
Necromancy     | 4 7 |  7.1

Action                     |  1- 3 |  4- 6 |  7- 9 | 10-12 || total
---------------------------+-------+-------+-------+-------++-------
  Melee: Dagger            |    73 |   145 |   403 |    86 ||   707
         Bite              |     7 |    12 |    45 |     6 ||    70
         Punch             |       |     3 |     5 |     2 ||    10
   Cast: Ensorcelled Hiber |     2 |    24 |    32 |    63 ||   121
         Tukima's Dance    |       |     3 |       |     1 ||     4
         Confusing Touch   |       |     1 |    19 |     3 ||    23
         Slow              |       |       |     8 |    11 ||    19
         Vampiric Draining |       |       |       |     2 ||     2
Ability: Exsanguinate      |     1 |       |       |     1 ||     2
         Bat Form          |       |       |     1 |       ||     1
         Revivify          |       |       |     1 |       ||     1
  Evoke: Wand              |       |     3 |       |       ||     3
    Use: Potion            |     2 |       |     2 |       ||     4
         Scroll            |       |     7 |    10 |     1 ||    18
   Stab: Sleeping          |    21 |    23 |    62 |    41 ||   147
         Paralysed         |       |     2 |       |       ||     2
         Confused          |       |     2 |    10 |     2 ||    14
         Distracted        |       |     1 |     2 |     2 ||     5
 Armour: Robe              |     9 |    15 |    73 |    14 ||   111
  Dodge: Dodged            |    27 |    92 |   309 |   117 ||   545

Table legend: (Time is in decaauts)
 A = Elapsed time spent in this place.
 B = Non-inter-level travel time spent in this place.
 C = Inter-level travel time spent in this place.
 D = Time resting spent in this place.
 E = Time spent auto-exploring this place.
 F = Levels seen in this place.
 G = Mean time per level.
                   A        B        C        D        E       F      G
               +--------+--------+--------+--------+--------+-----+--------+
         Total |  10365 |  10050 |    315 |   1438 |   5101 |  11 |  942.3 |
       Dungeon |   9481 |   9242 |    239 |   1335 |   4919 |   9 | 1053.4 |
        Temple |    293 |    217 |     76 |      0 |    182 |   1 |  293.0 |
       Ossuary |    590 |    590 |      0 |    103 |      0 |   1 |  590.0 |
               +--------+--------+--------+--------+--------+-----+--------+

Top non-repeatable levels by time:
     D:8: 1489 daAuts
     D:7: 1175 daAuts
     D:6: 1154 daAuts
     D:4: 1126 daAuts
     D:9: 1019 daAuts
     D:1: 952 daAuts
     D:3: 936 daAuts
     D:5: 863 daAuts
     D:2: 762 daAuts
 Ossuary: 590 daAuts
  Temple: 293 daAuts
